Thunder vs Harfangs
(R1)
Created - January 31, 2021 at 19:31
Goals
|
Thunder |
1 |
0 |
1 |
2 |
Harfangs |
2 |
1 |
1 |
4 |
|
Shots
|
Thunder |
9 |
13 |
10 |
32 |
Harfangs |
11 |
9 |
8 |
28 |
|
1st period
1. Thunder , Angelo Esposito 11 (Trevor Lewis 21, Dany Roussin 45) at 8:50
2. Harfangs , Tomas Kubalik 23 (Jake Dotchin 9, Nick Shore 9) at 10:29
3. Harfangs , Michael Bournival 26 (Reid McNeill 19) at 13:01
Penalties :
No Penalty
2nd period
4. Harfangs , Brandon McMillan 6 (Tomas Kubalik 24, Nick Shore 10) at 13:57
Penalties :
Colton Sceviour (TRO) for High sticking (Minor) at 1:42, Nick Shore (BEA) for Slashing (Minor) at 5:54, Rinat Valiev (BEA) for Hooking (Minor) at 11:02, Tyler Randell (BEA) for Interference (Minor) at 15:13, Artturi Lehkonen (TRO) for Roughing (Minor) at 17:42
3rd period
5. Thunder , Dany Roussin 24 (William Karlsson 39) at 6:21 (PP)
6. Harfangs , Michael Bournival 27 (Tyler Randell 30, Calle Jarnkrok 18) at 15:11 (PP)
Penalties :
Morgan Klimchuk (BEA) for High sticking (Minor) at 0:59, Devon Teows (BEA) for Boarding (Minor) at 6:17, Cristoval Nieves (BEA) for Hooking (Minor) at 9:32, Jesper Pettersson (TRO) for Tripping (Minor) at 15:05, Jake Dotchin (BEA) for Hooking (Minor) at 15:28
Goalie Stats
Niklas Treutle (TRO), 24 saves from 28 shots - (0.857), L, 11-15-6, 60:00 minutes
Anton Forsberg (BEA), 30 saves from 32 shots - (0.938), W, 6-3-0, 60:00 minutes
Players Stats for Thunder
Player Name G A P +/- PIM S H SB GA TA FO MP PP MP PK MP
------------------------------------------------------------------------------------
Angelo Esposito 1 0 1 0 0 1 2 0 0 0 3/6 13:30 0:00 0:00
Artturi Lehkonen 0 0 0 0 2 4 0 1 0 0 0/0 10:56 0:00 0:00
Artur Gavrus 0 0 0 0 0 0 0 0 0 0 0/0 0:00 0:00 0:00
Austin Poganski 0 0 0 -1 0 0 3 1 3 0 0/1 18:06 5:23 0:00
Brayden Point 0 0 0 -1 0 3 0 0 0 1 10/16 19:44 5:23 1:05
Colby Cave 0 0 0 0 0 0 0 0 0 0 0/0 0:00 0:00 0:00
Colton Sceviour 0 0 0 -1 2 0 4 0 0 1 0/2 21:20 6:03 0:00
Dany Roussin 1 1 2 -1 0 7 3 0 2 0 1/2 23:48 5:59 2:30
Emil Johansson 0 0 0 0 0 0 1 1 0 0 0/0 20:37 5:27 1:11
Gianluca Curcuruto 0 0 0 -2 0 2 2 2 0 0 0/0 27:59 6:31 2:53
Jakob Lilja 0 0 0 0 0 1 0 0 0 0 1/2 3:17 0:36 0:29
Jamie McGinn 0 0 0 -1 0 3 1 0 1 0 0/0 18:06 5:23 0:00
Jarrod Maidens 0 0 0 0 0 0 0 0 0 0 0/0 0:00 0:00 0:00
Jesper Pettersson 0 0 0 0 2 0 0 0 0 0 0/0 20:36 5:27 1:11
Mackenze Stewart 0 0 0 0 0 0 1 0 0 0 0/0 11:24 0:00 0:00
Mikko Vainonen 0 0 0 -2 0 2 1 2 0 3 0/0 27:59 6:31 2:53
Nikolay Prokhorkin 0 0 0 0 0 1 0 0 0 0 0/0 4:28 0:17 0:00
Ryan Graves 0 0 0 0 0 1 0 0 0 1 0/0 12:07 0:17 0:00
Trevor Lewis 0 1 1 0 0 4 1 0 1 0 3/5 12:15 0:00 1:05
Vincent Dunn 0 0 0 0 0 0 0 0 0 0 0/0 1:01 0:00 0:29
William Karlsson 0 1 1 -1 0 3 5 0 4 2 12/27 25:56 5:59 2:30
Zach Stepan 0 0 0 0 0 0 0 0 0 0 0/1 2:44 0:34 0:00
Players Stats for Harfangs
Player Name G A P +/- PIM S H SB GA TA FO MP PP MP PK MP
------------------------------------------------------------------------------------
Brandon McMillan 1 0 1 2 0 2 1 0 1 0 0/0 13:52 1:37 0:00
Brendan Leipsic 0 0 0 0 0 2 0 0 0 2 0/0 7:30 0:00 0:30
Calle Jarnkrok 0 1 1 0 0 3 0 0 0 0 16/31 19:56 2:27 4:02
Cristoval Nieves 0 0 0 0 2 0 2 0 0 0 3/6 13:36 0:00 2:29
Devon Teows 0 0 0 0 2 0 0 0 0 0 0/0 12:46 0:00 1:20
Ivan Provorov 0 0 0 0 0 0 2 1 0 1 0/0 20:45 1:38 5:04
Jake Dotchin 0 1 1 2 2 1 2 0 0 1 0/0 26:29 2:26 5:55
Lucas Wallmarkk 0 0 0 0 0 0 0 0 0 0 2/7 6:57 0:00 0:00
Michael Bournival 2 0 2 0 0 10 0 1 4 0 0/2 22:05 2:27 6:26
Morgan Klimchuk 0 0 0 0 2 0 1 0 0 0 0/0 12:36 0:00 1:55
Nick Shore 0 2 2 2 2 0 0 0 0 0 6/9 14:11 1:37 0:08
Nick Sorensen 0 0 0 0 0 0 0 0 0 0 1/1 3:38 0:00 0:00
Reid McNeill 0 1 1 2 0 3 2 0 0 3 0/0 28:11 2:26 7:17
Rinat Valiev 0 0 0 0 2 0 1 0 0 1 0/0 21:01 1:38 4:20
Ryan Hartman 0 0 0 0 0 1 0 0 0 0 0/0 10:38 0:00 0:00
Sven Andrighetto 0 0 0 0 0 2 0 4 0 0 0/0 15:19 0:00 0:00
Tomas Kubalik 1 1 2 2 0 2 1 0 2 1 0/0 17:27 1:37 3:07
Tyler Randell 0 1 1 0 2 2 3 0 1 2 4/6 20:58 2:27 5:19
3 Stars
1 - Tomas Kubalik (BEA)
2 - Michael Bournival (BEA)
3 - Brandon McMillan (BEA)
Power Play
Thunder - 1 on 7 Attempt(s) - 14.29%
Harfangs - 1 on 3 Attempt(s) - 33.33%
Penalty Kill
Thunder - 2 on 3 Attempt(s) - 66.67%
- Score 0 goal in Penalty Kill
Harfangs - 6 on 7 Attempt(s) - 85.71%
- Score 0 goal in Penalty Kill
Team Stat
Thunder - Hits : 24 - Faceoff Wins : 30 - Blocked Shots : 7 - Penalty Minutes : 6
Harfangs - Hits : 15 - Faceoff Wins : 32 - Blocked Shots : 6 - Penalty Minutes : 14
Official
Referees : Unknown
Linesman : Unknown
Game Notes
Colton Sceviour is injured at 18:56 of 3rd period (Bruised Left Shoulder)
Finance
Level 1 -- Attendance: 2000 (100.00%) -- Ticket Income $68,000
Level 2 -- Attendance: 678 (67.80%) -- Ticket Income $12,882
Total Attendance: 2678 (89.27%)
Total Ticket Income: $80,882
Other Income: $4,044
Total Income: $84,926
Thunder
5 vs 5 Forward
Center Left Wing Right Wing Time % Phy DF OF
1 William Karlsson Dany Roussin Colton Sceviour 40 1 2 2
2 Brayden Point Jamie McGinn Austin Poganski 30 1 2 2
3 Trevor Lewis Artturi Lehkonen Angelo Esposito 20 1 2 2
4 Angelo Esposito Nikolay Prokhorkin William Karlsson 10 1 2 2
5 vs 5 Defense
Defense Defense Time % Phy DF OF
1 Mikko Vainonen Gianluca Curcuruto 40 1 2 2
2 Emil Johansson Jesper Pettersson 30 1 2 2
3 Ryan Graves Mackenze Stewart 20 1 2 2
4 Mikko Vainonen Gianluca Curcuruto 10 1 2 2
PowerPlay Forward
Center Left Wing Right Wing Time % Phy DF OF
1 William Karlsson Dany Roussin Colton Sceviour 60 1 2 2
2 Brayden Point Jamie McGinn Austin Poganski 40 1 2 2
PowerPlay Defense
Defense Defense Time % Phy DF OF
1 Mikko Vainonen Gianluca Curcuruto 60 1 2 2
2 Emil Johansson Jesper Pettersson 40 1 2 2
Penalty Kill 4 Players Forward
Center Wing Time % Phy DF OF
1 William Karlsson Dany Roussin 60 1 2 2
2 Brayden Point Trevor Lewis 40 1 2 2
Penalty Kill 4 Players Defense
Defense Defense Time % Phy DF OF
1 Mikko Vainonen Gianluca Curcuruto 60 1 2 2
2 Emil Johansson Jesper Pettersson 40 1 2 2
Penalty Kill - 3 Players Forward
Forward Time % Phy DF OF
1 William Karlsson 60 1 2 2
2 Dany Roussin 40 1 2 2
Penalty Kill - 3 Players Defense
Defense Defense Time % Phy DF OF
1 Mikko Vainonen Gianluca Curcuruto 60 1 2 2
2 Emil Johansson Jesper Pettersson 40 1 2 2
4 vs 4 Forward
Center Wing Time % Phy DF OF
1 William Karlsson Dany Roussin 60 1 2 2
2 Brayden Point Trevor Lewis 40 1 2 2
4 vs 4 Defense
Defense Defense Time % Phy DF OF
1 Mikko Vainonen Gianluca Curcuruto 60 1 2 2
2 Emil Johansson Jesper Pettersson 40 1 2 2
Last Minutes Offensive
Center Left Wing Right Wing Defense Defense
William Karlsson Dany Roussin Colton Sceviour Mikko Vainonen Gianluca Curcuruto
Last Minutes Defensive
Center Left Wing Right Wing Defense Defense
William Karlsson Dany Roussin Colton Sceviour Mikko Vainonen Gianluca Curcuruto
Goaltenders
Starting : Niklas Treutle
Backup : Sergei Kostenko
Extra Forwards
Normal : Zach Stepan, Jakob Lilja, Vincent Dunn - PP : Zach Stepan, Jakob Lilja - PK : Vincent Dunn
Extra Defensemen
Normal : Ryan Graves, Mackenze Stewart, Emil Johansson - PP : Ryan Graves - PK : Mackenze Stewart, Emil Johansson
Penalty Shots
William Karlsson, Dany Roussin, Brayden Point, Trevor Lewis, Jamie McGinn
Scratches
None
Harfangs
5 vs 5 Forward
Center Left Wing Right Wing Time % Phy DF OF
1 Calle Jarnkrok Michael Bournival Tyler Randell 40 1 2 2
2 Nick Shore Brandon McMillan Tomas Kubalik 30 1 2 2
3 Cristoval Nieves Morgan Klimchuk Ryan Hartman 20 1 2 2
4 Lucas Wallmarkk Brendan Leipsic Sven Andrighetto 10 1 2 2
5 vs 5 Defense
Defense Defense Time % Phy DF OF
1 Reid McNeill Jake Dotchin 40 1 2 2
2 Ivan Provorov Rinat Valiev 30 1 2 2
3 Devon Teows Sven Andrighetto 20 1 2 2
4 Reid McNeill Jake Dotchin 10 1 2 2
PowerPlay Forward
Center Left Wing Right Wing Time % Phy DF OF
1 Calle Jarnkrok Michael Bournival Tyler Randell 60 1 2 2
2 Nick Shore Brandon McMillan Tomas Kubalik 40 1 2 2
PowerPlay Defense
Defense Defense Time % Phy DF OF
1 Reid McNeill Jake Dotchin 60 1 2 2
2 Ivan Provorov Rinat Valiev 40 1 2 2
Penalty Kill 4 Players Forward
Center Wing Time % Phy DF OF
1 Tyler Randell Michael Bournival 60 1 2 2
2 Calle Jarnkrok Tomas Kubalik 40 1 2 2
Penalty Kill 4 Players Defense
Defense Defense Time % Phy DF OF
1 Reid McNeill Jake Dotchin 60 1 2 2
2 Ivan Provorov Rinat Valiev 40 1 2 2
Penalty Kill - 3 Players Forward
Forward Time % Phy DF OF
1 Tyler Randell 60 1 2 2
2 Michael Bournival 40 1 2 2
Penalty Kill - 3 Players Defense
Defense Defense Time % Phy DF OF
1 Reid McNeill Jake Dotchin 60 1 2 2
2 Ivan Provorov Rinat Valiev 40 1 2 2
4 vs 4 Forward
Center Wing Time % Phy DF OF
1 Tyler Randell Michael Bournival 60 1 2 2
2 Calle Jarnkrok Tomas Kubalik 40 1 2 2
4 vs 4 Defense
Defense Defense Time % Phy DF OF
1 Reid McNeill Jake Dotchin 60 1 2 2
2 Ivan Provorov Rinat Valiev 40 1 2 2
Last Minutes Offensive
Center Left Wing Right Wing Defense Defense
Calle Jarnkrok Michael Bournival Tyler Randell Reid McNeill Jake Dotchin
Last Minutes Defensive
Center Left Wing Right Wing Defense Defense
Calle Jarnkrok Michael Bournival Tyler Randell Reid McNeill Jake Dotchin
Goaltenders
Starting : Anton Forsberg
Backup : Zachary Fucale
Extra Forwards
Normal : Nick Sorensen, Ryan Hartman, Cristoval Nieves - PP : Nick Sorensen, Ryan Hartman - PK : Cristoval Nieves
Extra Defensemen
Normal : Devon Teows, Ivan Provorov, Rinat Valiev - PP : Devon Teows - PK : Ivan Provorov, Rinat Valiev
Penalty Shots
Tyler Randell, Michael Bournival, Calle Jarnkrok, Tomas Kubalik, Brandon McMillan
Scratches
David Kampf (Healthy), A.J. Greer (Healthy), Dylan Olsen (Healthy), JC Lipon (Healthy), Brenden Kichton (Healthy)
Cooper Marody (Healthy), Blake Heinrich (Healthy), Laurent Dauphin (Healthy), Mark Alt (Healthy), Erik Nystrom (Healthy)
Tyler Brenner (Healthy), Justin Kirkland (Healthy), Victor Bartley (Healthy), Anthony Angello (Healthy), Jason Kasdorf (Healthy)
Scott Wedgewood (Healthy)
% Time on Ice - Thunder
Lines # - Real PCT - Wanted PCT - Time Play
Normal Forward
1 - 36% - 40% - 15:46
2 - 31% - 30% - 13:48
3 - 24% - 20% - 10:39
4 - 9% - 10% - 3:45
Normal Defense
1 - 38% - 40% - 16:46
2 - 32% - 30% - 13:59
3 - 26% - 20% - 11:24
4 - 4% - 10% - 1:49
PP Forward
1 - 55% - 60% - 6:35
2 - 45% - 40% - 5:23
PP Defense
1 - 54% - 60% - 6:31
2 - 46% - 40% - 5:27
PK Forward
1 - 73% - 60% - 2:59
2 - 27% - 40% - 1:05
PK Defense
1 - 71% - 60% - 2:53
2 - 29% - 40% - 1:11
PK3 Forward
1 - 0% - 60%
2 - 0% - 40%
PK3 Defense
1 - 0% - 60%
2 - 0% - 40%
44 Forward
1 - 0% - 60%
2 - 0% - 40%
44 Defense
1 - 0% - 60%
2 - 0% - 40%
Last Minute Offensive - 0:00
Last Minute Defensive - 0:00
Total
Forward - 60:00
Defense - 60:00
|
% Time on Ice - Harfangs
Lines # - Real PCT - Wanted PCT - Time Play
Normal Forward
1 - 31% - 40% - 13:27
2 - 30% - 30% - 13:06
3 - 24% - 20% - 10:28
4 - 16% - 10% - 6:57
Normal Defense
1 - 38% - 40% - 16:50
2 - 32% - 30% - 14:15
3 - 26% - 20% - 11:27
4 - 3% - 10% - 1:26
PP Forward
1 - 60% - 60% - 2:27
2 - 40% - 40% - 1:37
PP Defense
1 - 60% - 60% - 2:26
2 - 40% - 40% - 1:38
PK Forward
1 - 74% - 60% - 8:51
2 - 26% - 40% - 3:07
PK Defense
1 - 63% - 60% - 7:34
2 - 37% - 40% - 4:24
PK3 Forward
1 - 0% - 60%
2 - 0% - 40%
PK3 Defense
1 - 0% - 60%
2 - 0% - 40%
44 Forward
1 - 0% - 60%
2 - 0% - 40%
44 Defense
1 - 0% - 60%
2 - 0% - 40%
Last Minute Offensive - 0:00
Last Minute Defensive - 0:00
Total
Forward - 60:00
Defense - 60:00
|
Play-by-Play
1st period
0:01 of 1st period - Calle Jarnkrok wins face-off versus William Karlsson in neutral zone.
0:37 of 1st period - Jake Dotchin is hit by Austin Poganski and loses puck.
1:13 of 1st period - Morgan Klimchuk is hit by Angelo Esposito and loses puck.
1:34 of 1st period - Snap shot by Calle Jarnkrok.
1:34 of 1st period - Deflect By William Karlsson.
1:34 of 1st period - Stopped by Niklas Treutle with a rebound.
2:08 of 1st period - Ryan Hartman is hit by Dany Roussin and loses puck.
2:41 of 1st period - Wrist shot by Brendan Leipsic.
2:41 of 1st period - Stopped by Niklas Treutle without a rebound.
2:42 of 1st period - Trevor Lewis wins face-off versus Lucas Wallmarkk in Thunder zone.
3:08 of 1st period - Dany Roussin is hit by Tyler Randell and loses puck.
3:15 of 1st period - Rinat Valiev is hit by William Karlsson and loses puck.
3:50 of 1st period - Ryan Hartman is hit by William Karlsson and loses puck.
4:19 of 1st period - Wrist shot by Dany Roussin.
4:19 of 1st period - Stopped by Anton Forsberg with a rebound.
4:23 of 1st period - Wrist shot by Dany Roussin.
4:23 of 1st period - Shot Misses the Net.
4:33 of 1st period - Slapshot by Michael Bournival.
4:33 of 1st period - Deflect By Tyler Randell.
4:33 of 1st period - Stopped by Niklas Treutle with a rebound.
4:35 of 1st period - Snap shot by Michael Bournival.
4:35 of 1st period - Shot Misses the Net.
5:14 of 1st period - William Karlsson is hit by Tyler Randell and loses puck.
6:02 of 1st period - Jake Dotchin is hit by Colton Sceviour and loses puck.
8:17 of 1st period - Wrist shot by Dany Roussin.
8:17 of 1st period - Stopped by Anton Forsberg with a rebound.
8:19 of 1st period - Snap shot by Dany Roussin.
8:19 of 1st period - Stopped by Anton Forsberg without a rebound.
8:20 of 1st period - Jakob Lilja wins face-off versus Lucas Wallmarkk in Harfangs zone.
8:50 of 1st period - Snap shot by Angelo Esposito.
8:50 of 1st period - Goal by Angelo Esposito - Thunder : 1 - Harfangs : 0.
8:51 of 1st period - Calle Jarnkrok wins face-off versus William Karlsson in neutral zone.
8:58 of 1st period - Wrist shot by Calle Jarnkrok.
8:58 of 1st period - Stopped by Niklas Treutle with a rebound.
9:00 of 1st period - Wrist shot by Tyler Randell.
9:00 of 1st period - Stopped by Niklas Treutle without a rebound.
9:01 of 1st period - Calle Jarnkrok wins face-off versus William Karlsson in Thunder zone.
9:06 of 1st period - Wrist shot by Michael Bournival.
9:06 of 1st period - Stopped by Niklas Treutle without a rebound.
9:07 of 1st period - Calle Jarnkrok wins face-off versus Dany Roussin in Thunder zone.
9:32 of 1st period - Mikko Vainonen is hit by Brandon McMillan and loses puck.
10:03 of 1st period - Snap shot by Artturi Lehkonen.
10:03 of 1st period - Stopped by Anton Forsberg without a rebound.
10:04 of 1st period - William Karlsson wins face-off versus Calle Jarnkrok in Harfangs zone.
10:05 of 1st period - Snap shot by Dany Roussin.
10:05 of 1st period - Stopped by Anton Forsberg with a rebound.
10:19 of 1st period - Wrist shot by Michael Bournival.
10:19 of 1st period - Deflect By Calle Jarnkrok.
10:19 of 1st period - Shot Misses the Net.
10:19 of 1st period - Puck is out of play.
10:20 of 1st period - Nick Shore wins face-off versus Brayden Point in Thunder zone.
10:23 of 1st period - Snap shot by Tomas Kubalik.
10:23 of 1st period - Shot Blocked by Mikko Vainonen.
10:27 of 1st period - Wrist shot by Tomas Kubalik.
10:27 of 1st period - Shot Misses the Net.
10:29 of 1st period - Wrist shot by Tomas Kubalik.
10:29 of 1st period - Goal by Tomas Kubalik - Thunder : 1 - Harfangs : 1.
10:30 of 1st period - Calle Jarnkrok wins face-off versus William Karlsson in neutral zone.
10:37 of 1st period - Snap shot by Michael Bournival.
10:37 of 1st period - Deflect By Tyler Randell.
10:37 of 1st period - Shot Blocked by Mikko Vainonen.
10:37 of 1st period - Puck is out of play.
10:38 of 1st period - Calle Jarnkrok wins face-off versus William Karlsson in Thunder zone.
10:45 of 1st period - Snap shot by Michael Bournival.
10:45 of 1st period - Stopped by Niklas Treutle with a rebound.
11:11 of 1st period - Snap shot by Cristoval Nieves.
11:11 of 1st period - Shot Misses the Net.
11:13 of 1st period - Wrist shot by Ryan Hartman.
11:13 of 1st period - Shot Misses the Net.
11:15 of 1st period - Backhand shot by Jake Dotchin.
11:15 of 1st period - Shot Blocked by Gianluca Curcuruto.
13:01 of 1st period - Wrist shot by Michael Bournival.
13:01 of 1st period - Goal by Michael Bournival - Thunder : 1 - Harfangs : 2.
13:02 of 1st period - Brayden Point wins face-off versus Calle Jarnkrok in neutral zone.
13:53 of 1st period - Snap shot by Sven Andrighetto.
13:53 of 1st period - Shot Misses the Net.
14:25 of 1st period - Lucas Wallmarkk is hit by William Karlsson and loses puck.
15:32 of 1st period - Wrist shot by Michael Bournival.
15:32 of 1st period - Stopped by Niklas Treutle with a rebound.
15:34 of 1st period - Slapshot by Reid McNeill.
15:34 of 1st period - Deflect By Angelo Esposito.
15:34 of 1st period - Stopped by Niklas Treutle without a rebound.
15:35 of 1st period - Calle Jarnkrok wins face-off versus Austin Poganski in Thunder zone.
15:40 of 1st period - Slapshot by Brayden Point.
15:40 of 1st period - Stopped by Anton Forsberg with a rebound.
15:42 of 1st period - Snap shot by Jamie McGinn.
15:42 of 1st period - Stopped by Anton Forsberg without a rebound.
15:43 of 1st period - Brayden Point wins face-off versus Calle Jarnkrok in Harfangs zone.
16:12 of 1st period - Wrist shot by Brandon McMillan.
16:12 of 1st period - Shot Misses the Net.
16:38 of 1st period - Wrist shot by Artturi Lehkonen.
16:38 of 1st period - Stopped by Anton Forsberg without a rebound.
16:39 of 1st period - Brayden Point wins face-off versus Calle Jarnkrok in Harfangs zone.
17:06 of 1st period - Dany Roussin is hit by Rinat Valiev and loses puck.
18:13 of 1st period - Off-side.
18:14 of 1st period - William Karlsson wins face-off versus Nick Shore in neutral zone.
18:43 of 1st period - Snap shot by Tyler Randell.
18:43 of 1st period - Shot Blocked by Austin Poganski.
19:55 of 1st period - Brayden Point is hit by Cristoval Nieves and loses puck.
Goals for this period are 1 for Thunder vs 2 for Harfangs.
Shots for this period are 9 for Thunder vs 11 for Harfangs.
2nd period
0:01 of 2nd period - William Karlsson wins face-off versus Calle Jarnkrok in neutral zone.
0:30 of 2nd period - Wrist shot by Tomas Kubalik.
0:30 of 2nd period - Shot Blocked by Gianluca Curcuruto.
0:32 of 2nd period - Slapshot by Reid McNeill.
0:32 of 2nd period - Shot Misses the Net.
0:34 of 2nd period - Snap shot by Jake Dotchin.
0:34 of 2nd period - Shot Misses the Net.
0:36 of 2nd period - Wrist shot by Brandon McMillan.
0:36 of 2nd period - Stopped by Niklas Treutle with a rebound.
1:13 of 2nd period - Icing by Brendan Leipsic.
1:14 of 2nd period - Lucas Wallmarkk wins face-off versus Brayden Point in Harfangs zone.
1:42 of 2nd period - Minor Penalty to Colton Sceviour for High sticking.
1:43 of 2nd period - William Karlsson wins face-off versus Calle Jarnkrok in Thunder zone.
2:24 of 2nd period - Wrist shot by Tomas Kubalik.
2:24 of 2nd period - Shot Blocked by Emil Johansson.
3:11 of 2nd period - Reid McNeill is hit by Gianluca Curcuruto.
3:42 of 2nd period - Penalty to Colton Sceviour is over, Colton Sceviour is back on ice.
3:52 of 2nd period - Slapshot by Brendan Leipsic.
3:52 of 2nd period - Stopped by Niklas Treutle with a rebound.
3:54 of 2nd period - Slapshot by Sven Andrighetto.
3:54 of 2nd period - Stopped by Niklas Treutle without a rebound.
3:55 of 2nd period - Angelo Esposito wins face-off versus Lucas Wallmarkk in Thunder zone.
4:06 of 2nd period - Slapshot by Sven Andrighetto.
4:06 of 2nd period - Stopped by Niklas Treutle without a rebound.
4:07 of 2nd period - Brayden Point wins face-off versus Nick Shore in Thunder zone.
4:11 of 2nd period - Off-side.
4:12 of 2nd period - Nick Shore wins face-off versus Brayden Point in neutral zone.
4:46 of 2nd period - Slapshot by Reid McNeill.
4:46 of 2nd period - Stopped by Niklas Treutle with a rebound.
5:08 of 2nd period - Slapshot by Angelo Esposito.
5:08 of 2nd period - Deflect By Trevor Lewis.
5:08 of 2nd period - Stopped by Anton Forsberg with a rebound.
5:42 of 2nd period - Snap shot by Dany Roussin.
5:42 of 2nd period - Stopped by Anton Forsberg with a rebound.
5:44 of 2nd period - Wrist shot by Dany Roussin.
5:44 of 2nd period - Shot Misses the Net.
5:46 of 2nd period - Slapshot by Gianluca Curcuruto.
5:46 of 2nd period - Shot Misses the Net.
5:48 of 2nd period - Slapshot by Gianluca Curcuruto.
5:48 of 2nd period - Shot Misses the Net.
5:54 of 2nd period - Minor Penalty to Nick Shore for Slashing.
5:55 of 2nd period - Tyler Randell wins face-off versus William Karlsson in Harfangs zone.
6:06 of 2nd period - Wrist shot by Colton Sceviour.
6:06 of 2nd period - Shot Blocked by Michael Bournival.
6:34 of 2nd period - Snap shot by Brayden Point.
6:34 of 2nd period - Shot Misses the Net.
7:46 of 2nd period - Jake Dotchin is hit by Dany Roussin and loses puck.
7:53 of 2nd period - Dany Roussin is hit by Tomas Kubalik and loses puck.
7:54 of 2nd period - Penalty to Nick Shore is over, Nick Shore is back on ice.
8:04 of 2nd period - Slapshot by Tomas Kubalik.
8:04 of 2nd period - Stopped by Niklas Treutle without a rebound.
8:05 of 2nd period - Brayden Point wins face-off versus Cristoval Nieves in Thunder zone.
8:16 of 2nd period - Snap shot by Jamie McGinn.
8:16 of 2nd period - Deflect By Austin Poganski.
8:16 of 2nd period - Shot Blocked by Sven Andrighetto.
8:16 of 2nd period - Puck is out of play.
8:17 of 2nd period - Cristoval Nieves wins face-off versus Brayden Point in Harfangs zone.
9:16 of 2nd period - Slapshot by Artturi Lehkonen.
9:16 of 2nd period - Stopped by Anton Forsberg without a rebound.
9:17 of 2nd period - Brayden Point wins face-off versus Lucas Wallmarkk in Harfangs zone.
9:26 of 2nd period - Wrist shot by Jamie McGinn.
9:26 of 2nd period - Stopped by Anton Forsberg without a rebound.
9:27 of 2nd period - Brayden Point wins face-off versus Calle Jarnkrok in Harfangs zone.
9:30 of 2nd period - Slapshot by Brayden Point.
9:30 of 2nd period - Deflect By Austin Poganski.
9:30 of 2nd period - Shot Misses the Net.
9:30 of 2nd period - Puck is out of play.
9:31 of 2nd period - Calle Jarnkrok wins face-off versus William Karlsson in Harfangs zone.
10:21 of 2nd period - Slapshot by Lucas Wallmarkk.
10:21 of 2nd period - Deflect By Sven Andrighetto.
10:21 of 2nd period - Shot Blocked by Artturi Lehkonen.
10:21 of 2nd period - Puck is out of play.
10:22 of 2nd period - Trevor Lewis wins face-off versus Lucas Wallmarkk in Thunder zone.
10:47 of 2nd period - Ivan Provorov is hit by Gianluca Curcuruto and loses puck.
11:02 of 2nd period - Minor Penalty to Rinat Valiev for Hooking.
11:03 of 2nd period - Tyler Randell wins face-off versus William Karlsson in Harfangs zone.
11:10 of 2nd period - Slapshot by Reid McNeill.
11:10 of 2nd period - Shot Misses the Net.
11:38 of 2nd period - Tyler Randell is hit by Austin Poganski and loses puck.
12:23 of 2nd period - Dany Roussin is hit by Tyler Randell and loses puck.
12:46 of 2nd period - Emil Johansson is hit by Reid McNeill and loses puck.
13:02 of 2nd period - Penalty to Rinat Valiev is over, Rinat Valiev is back on ice.
13:11 of 2nd period - Backhand shot by Artturi Lehkonen.
13:11 of 2nd period - Shot Misses the Net.
13:13 of 2nd period - Slapshot by Emil Johansson.
13:13 of 2nd period - Deflect By Artturi Lehkonen.
13:13 of 2nd period - Shot Misses the Net.
13:13 of 2nd period - Puck is out of play.
13:14 of 2nd period - Angelo Esposito wins face-off versus Nick Shore in Harfangs zone.
13:17 of 2nd period - Snap shot by Trevor Lewis.
13:17 of 2nd period - Stopped by Anton Forsberg with a rebound.
13:19 of 2nd period - Wrist shot by Artturi Lehkonen.
13:19 of 2nd period - Shot Misses the Net.
13:21 of 2nd period - Snap shot by Artturi Lehkonen.
13:21 of 2nd period - Stopped by Anton Forsberg with a rebound.
13:55 of 2nd period - Snap shot by Tomas Kubalik.
13:55 of 2nd period - Shot Misses the Net.
13:57 of 2nd period - Snap shot by Brandon McMillan.
13:57 of 2nd period - Goal by Brandon McMillan - Thunder : 1 - Harfangs : 3.
13:58 of 2nd period - William Karlsson wins face-off versus Calle Jarnkrok in neutral zone.
14:28 of 2nd period - Icing by Ryan Hartman.
14:29 of 2nd period - Brayden Point wins face-off versus Cristoval Nieves in Harfangs zone.
14:30 of 2nd period - Wrist shot by Jamie McGinn.
14:30 of 2nd period - Stopped by Anton Forsberg with a rebound.
14:52 of 2nd period - Off-side.
14:53 of 2nd period - William Karlsson wins face-off versus Calle Jarnkrok in neutral zone.
14:58 of 2nd period - Snap shot by William Karlsson.
14:58 of 2nd period - Stopped by Anton Forsberg without a rebound.
14:59 of 2nd period - William Karlsson wins face-off versus Calle Jarnkrok in Harfangs zone.
15:02 of 2nd period - Snap shot by William Karlsson.
15:02 of 2nd period - Deflect By Dany Roussin.
15:02 of 2nd period - Shot Misses the Net.
15:02 of 2nd period - Puck is out of play.
15:03 of 2nd period - Calle Jarnkrok wins face-off versus William Karlsson in Harfangs zone.
15:13 of 2nd period - Minor Penalty to Tyler Randell for Interference.
15:14 of 2nd period - Cristoval Nieves wins face-off versus William Karlsson in Harfangs zone.
15:14 of 2nd period - Cristoval Nieves is hit by Colton Sceviour.
15:24 of 2nd period - Slapshot by Mikko Vainonen.
15:24 of 2nd period - Stopped by Anton Forsberg with a rebound.
15:26 of 2nd period - Snap shot by William Karlsson.
15:26 of 2nd period - Stopped by Anton Forsberg with a rebound.
15:28 of 2nd period - Snap shot by Colton Sceviour.
15:28 of 2nd period - Shot Misses the Net.
15:30 of 2nd period - Slapshot by Gianluca Curcuruto.
15:30 of 2nd period - Stopped by Anton Forsberg without a rebound.
15:31 of 2nd period - Brayden Point wins face-off versus Cristoval Nieves in Harfangs zone.
17:13 of 2nd period - Penalty to Tyler Randell is over, Tyler Randell is back on ice.
17:30 of 2nd period - Sven Andrighetto is hit by Angelo Esposito and loses puck.
17:35 of 2nd period - Snap shot by Trevor Lewis.
17:35 of 2nd period - Stopped by Anton Forsberg with a rebound.
17:37 of 2nd period - Snap shot by Trevor Lewis.
17:37 of 2nd period - Stopped by Anton Forsberg without a rebound.
17:38 of 2nd period - Lucas Wallmarkk wins face-off versus Trevor Lewis in Harfangs zone.
17:42 of 2nd period - Minor Penalty to Artturi Lehkonen for Roughing.
17:43 of 2nd period - Calle Jarnkrok wins face-off versus William Karlsson in Thunder zone.
17:49 of 2nd period - Snap shot by Calle Jarnkrok.
17:49 of 2nd period - Shot Misses the Net.
17:51 of 2nd period - Slapshot by Reid McNeill.
17:51 of 2nd period - Deflect By Michael Bournival.
17:51 of 2nd period - Stopped by Niklas Treutle without a rebound.
17:52 of 2nd period - William Karlsson wins face-off versus Michael Bournival in Thunder zone.
18:15 of 2nd period - Gianluca Curcuruto is hit by Reid McNeill and loses puck.
18:22 of 2nd period - Snap shot by Michael Bournival.
18:22 of 2nd period - Stopped by Niklas Treutle without a rebound.
18:23 of 2nd period - Nick Shore wins face-off versus William Karlsson in Thunder zone.
19:42 of 2nd period - Penalty to Artturi Lehkonen is over, Artturi Lehkonen is back on ice.
19:47 of 2nd period - Jesper Pettersson is hit by Ivan Provorov.
19:57 of 2nd period - Jesper Pettersson is hit by Ivan Provorov and loses puck.
Goals for this period are 0 for Thunder vs 1 for Harfangs.
Shots for this period are 13 for Thunder vs 9 for Harfangs.
3rd period
0:01 of 3rd period - William Karlsson wins face-off versus Calle Jarnkrok in neutral zone.
0:50 of 3rd period - Slapshot by Trevor Lewis.
0:50 of 3rd period - Shot Misses the Net.
0:52 of 3rd period - Snap shot by Mikko Vainonen.
0:52 of 3rd period - Stopped by Anton Forsberg with a rebound.
0:54 of 3rd period - Snap shot by Artturi Lehkonen.
0:54 of 3rd period - Shot Misses the Net.
0:59 of 3rd period - Minor Penalty to Morgan Klimchuk for High sticking.
1:00 of 3rd period - Tyler Randell wins face-off versus Colton Sceviour in Harfangs zone.
2:59 of 3rd period - Penalty to Morgan Klimchuk is over, Morgan Klimchuk is back on ice.
3:43 of 3rd period - Icing by Angelo Esposito.
3:44 of 3rd period - Calle Jarnkrok wins face-off versus Angelo Esposito in Thunder zone.
3:57 of 3rd period - Snap shot by Michael Bournival.
3:57 of 3rd period - Shot Misses the Net.
4:09 of 3rd period - Rinat Valiev is hit by Mackenze Stewart and loses puck.
4:52 of 3rd period - Slapshot by Michael Bournival.
4:52 of 3rd period - Stopped by Niklas Treutle with a rebound.
4:54 of 3rd period - Snap shot by Reid McNeill.
4:54 of 3rd period - Stopped by Niklas Treutle without a rebound.
4:55 of 3rd period - Calle Jarnkrok wins face-off versus Colton Sceviour in Thunder zone.
5:04 of 3rd period - Snap shot by Michael Bournival.
5:04 of 3rd period - Shot Misses the Net.
5:06 of 3rd period - Slapshot by Jake Dotchin.
5:06 of 3rd period - Stopped by Niklas Treutle with a rebound.
5:08 of 3rd period - Snap shot by Michael Bournival.
5:08 of 3rd period - Shot Misses the Net.
5:10 of 3rd period - Snap shot by Calle Jarnkrok.
5:10 of 3rd period - Stopped by Niklas Treutle without a rebound.
5:11 of 3rd period - Nick Shore wins face-off versus Brayden Point in Thunder zone.
5:36 of 3rd period - William Karlsson is hit by Jake Dotchin and loses puck.
6:07 of 3rd period - Slapshot by Artturi Lehkonen.
6:07 of 3rd period - Shot Blocked by Sven Andrighetto.
6:09 of 3rd period - Slapshot by Trevor Lewis.
6:09 of 3rd period - Shot Misses the Net.
6:11 of 3rd period - Snap shot by Angelo Esposito.
6:11 of 3rd period - Shot Blocked by Sven Andrighetto.
6:17 of 3rd period - Minor Penalty to Devon Teows for Boarding.
6:18 of 3rd period - William Karlsson wins face-off versus Tyler Randell in Harfangs zone.
6:19 of 3rd period - Slapshot by Dany Roussin.
6:19 of 3rd period - Stopped by Anton Forsberg with a rebound.
6:21 of 3rd period - Wrist shot by Dany Roussin.
6:21 of 3rd period - Goal by Dany Roussin - Thunder : 2 - Harfangs : 3.
6:22 of 3rd period - Dany Roussin wins face-off versus Calle Jarnkrok in neutral zone.
6:47 of 3rd period - Reid McNeill is hit by Mikko Vainonen and loses puck.
8:35 of 3rd period - Ryan Hartman is hit by William Karlsson and loses puck.
8:44 of 3rd period - Cristoval Nieves is hit by William Karlsson and loses puck.
9:30 of 3rd period - Snap shot by William Karlsson.
9:30 of 3rd period - Shot Misses the Net.
9:32 of 3rd period - Minor Penalty to Cristoval Nieves for Hooking.
9:33 of 3rd period - Tyler Randell wins face-off versus Brayden Point in Harfangs zone.
9:33 of 3rd period - Tyler Randell is hit by Austin Poganski.
9:47 of 3rd period - Snap shot by Brayden Point.
9:47 of 3rd period - Stopped by Anton Forsberg without a rebound.
9:48 of 3rd period - Brayden Point wins face-off versus Michael Bournival in Harfangs zone.
10:57 of 3rd period - Michael Bournival is hit by Colton Sceviour and loses puck.
11:20 of 3rd period - Slapshot by Jesper Pettersson.
11:20 of 3rd period - Shot Misses the Net.
11:22 of 3rd period - Snap shot by Jesper Pettersson.
11:22 of 3rd period - Deflect By Nikolay Prokhorkin.
11:22 of 3rd period - Stopped by Anton Forsberg without a rebound.
11:23 of 3rd period - Calle Jarnkrok wins face-off versus Jakob Lilja in Harfangs zone.
11:32 of 3rd period - Penalty to Cristoval Nieves is over, Cristoval Nieves is back on ice.
11:55 of 3rd period - Snap shot by Michael Bournival.
11:55 of 3rd period - Shot Misses the Net.
11:57 of 3rd period - Snap shot by Michael Bournival.
11:57 of 3rd period - Stopped by Niklas Treutle without a rebound.
11:58 of 3rd period - Nick Shore wins face-off versus William Karlsson in Thunder zone.
12:23 of 3rd period - Mikko Vainonen is hit by Morgan Klimchuk and loses puck.
12:30 of 3rd period - Wrist shot by Brayden Point.
12:30 of 3rd period - Shot Blocked by Sven Andrighetto.
12:32 of 3rd period - Snap shot by Ryan Graves.
12:32 of 3rd period - Stopped by Anton Forsberg without a rebound.
12:33 of 3rd period - Nick Shore wins face-off versus William Karlsson in Harfangs zone.
12:38 of 3rd period - Snap shot by Tomas Kubalik.
12:38 of 3rd period - Shot Misses the Net.
12:50 of 3rd period - Jake Dotchin is hit by Dany Roussin.
13:17 of 3rd period - Icing by Ryan Graves.
13:18 of 3rd period - Trevor Lewis wins face-off versus Calle Jarnkrok in Thunder zone.
13:33 of 3rd period - Backhand shot by Michael Bournival.
13:33 of 3rd period - Stopped by Niklas Treutle with a rebound.
13:45 of 3rd period - Brandon McMillan is hit by Colton Sceviour and loses puck.
14:14 of 3rd period - Snap shot by Ryan Hartman.
14:14 of 3rd period - Stopped by Niklas Treutle without a rebound.
14:15 of 3rd period - William Karlsson wins face-off versus Calle Jarnkrok in Thunder zone.
14:40 of 3rd period - Jake Dotchin is hit by Jamie McGinn and loses puck.
14:49 of 3rd period - Slapshot by Brayden Point.
14:49 of 3rd period - Stopped by Anton Forsberg with a rebound.
14:51 of 3rd period - Slapshot by Gianluca Curcuruto.
14:51 of 3rd period - Stopped by Anton Forsberg without a rebound.
14:52 of 3rd period - Calle Jarnkrok wins face-off versus Trevor Lewis in Harfangs zone.
14:52 of 3rd period - Calle Jarnkrok is hit by Trevor Lewis.
15:05 of 3rd period - Minor Penalty to Jesper Pettersson for Tripping.
15:06 of 3rd period - Calle Jarnkrok wins face-off versus William Karlsson in Thunder zone.
15:11 of 3rd period - Slapshot by Michael Bournival.
15:11 of 3rd period - Goal by Michael Bournival - Thunder : 2 - Harfangs : 4.
15:12 of 3rd period - Angelo Esposito wins face-off versus Calle Jarnkrok in neutral zone.
15:23 of 3rd period - Wrist shot by William Karlsson.
15:23 of 3rd period - Stopped by Anton Forsberg without a rebound.
15:24 of 3rd period - Calle Jarnkrok wins face-off versus Angelo Esposito in Harfangs zone.
15:28 of 3rd period - Minor Penalty to Jake Dotchin for Hooking.
15:29 of 3rd period - William Karlsson wins face-off versus Tyler Randell in Harfangs zone.
17:28 of 3rd period - Penalty to Jake Dotchin is over, Jake Dotchin is back on ice.
17:28 of 3rd period - Colton Sceviour is hit by Jake Dotchin and loses puck.
18:03 of 3rd period - Reid McNeill is hit by Emil Johansson and loses puck.
18:55 of 3rd period - Colton Sceviour is hit by Cristoval Nieves and loses puck.
18:56 of 3rd period - Colton Sceviour from Thunder is injured at 18:56 of 3rd period (Bruised Left Shoulder).
18:57 of 3rd period - Cristoval Nieves wins face-off versus Angelo Esposito in Thunder zone.
19:52 of 3rd period - Slapshot by Gianluca Curcuruto.
19:52 of 3rd period - Shot Blocked by Ivan Provorov.
19:54 of 3rd period - Slapshot by Jakob Lilja.
19:54 of 3rd period - Stopped by Anton Forsberg without a rebound.
19:55 of 3rd period - Nick Sorensen wins face-off versus Zach Stepan in Harfangs zone.
Goals for this period are 1 for Thunder vs 1 for Harfangs.
Shots for this period are 10 for Thunder vs 8 for Harfangs.
Output by the SimonT Hockey Simulator (STHS) for Francois Prevost